 Dungeon Crawl Stone Soup version 0.17-a0-1409-ge6d9485 (webtiles) character file.

45 urechis the Twirler (level 3, -7/22 HPs)
             Began as a Tengu Gladiator on June 22, 2015.
             Killed from afar by Natasha (10 damage)
             ... with a wand of flame
             ... on level 2 of the Dungeon.
             The game lasted 00:02:11 (1462 turns).

urechis the Twirler (Tengu Gladiator)               Turns: 1462, Time: 00:02:12

Health: -7/22      AC:  3    Str: 15    XL:     3   Next: 64%
Magic:  4/4        EV: 13    Int:  8    God:
Gold:   89         SH:  0    Dex: 15    Spells: 0 memorised, 2 levels left

rFire  . . .     SeeInvis .     a - +0 quarterstaff
rCold  . . .     Clarity  .     b - +0 leather armour
rNeg   . . .     SustAt   .     (no shield)
rPois  .         Gourm    .     c - +0 hat
rElec  .         Spirit   .     (no cloak)
rCorr  .         Warding  .     (no gloves)
rMut   .         Stasis   .     (boots unavailable)
MR     +....                    (no amulet)
Stlth  +.........               (no ring)
                                o - ring of protection from magic

@: somewhat resistant to hostile enchantments, very unstealthy
A: beak, talons 3
a: no special abilities


You were on level 2 of the Dungeon.
You were not hungry.

You visited 1 branch of the dungeon, and saw 2 of its levels.

You collected 89 gold pieces.

Inventory:

Hand weapons
 a - a +0 quarterstaff (weapon)
Missiles
 d - 3 throwing nets (quivered)
Armour
 b - a +0 leather armour (worn)
 c - a +0 hat (worn)
Jewellery
 o - a ring of protection from magic (left hand)
 r - an uncursed amulet of resist mutation {unknown}
Scrolls
 i - a scroll of magic mapping {unknown}
 j - a scroll of amnesia {unknown}
 l - a scroll of noise {unknown}
 p - a scroll of enchant weapon {unknown}
 t - a scroll of remove curse {unknown}
 u - a scroll of recharging {unknown}
Potions
 f - 2 potions of haste {unknown}
 g - a potion of beneficial mutation {unknown}
 h - 2 potions of brilliance {unknown}
 m - a potion of agility {unknown}
 n - a potion of curing {unknown}
 q - a potion of magic {unknown}
Comestibles
 e - a bread ration
 k - a royal jelly
 s - a meat ration


   Skills:
 + Level 2.8 Fighting
 * Level 4.1 Staves
 - Level 2.1 Throwing
 + Level 3.5 Dodging


You had 2 spell levels left.
You didn't know any spells.

Dungeon Overview and Level Annotations

Branches:
Dungeon (2/15)

Altars:

Annotations:
D:2 Natasha


Innate Abilities, Weirdness & Mutations

You have a beak for a mouth.
You have claws for feet.


Message History

Natasha hisses angrily.
Natasha casts a spell at you. The magic dart hits you!
Natasha zaps a wand.
The puff of flame hits you!
It is a wand of flame.
Natasha zaps a wand.
The puff of flame misses you.
Natasha zaps a wand.
The puff of flame misses you.
You hit Natasha. Your kick misses Natasha. You peck Natasha.
Natasha is moderately wounded.
Natasha zaps a wand.
The puff of flame hits you!
You barely miss Natasha.
Natasha is moderately wounded.
Natasha claws you but does no damage.
You completely miss Natasha. You peck Natasha.
Natasha is heavily wounded.
Natasha zaps a wand.
The puff of flame hits you!
* * * LOW HITPOINT WARNING * * *
You hit Natasha.
Natasha is severely wounded.
Natasha zaps a wand.
The puff of flame hits you!
You die...

#.......########....
#.......# ##.....
###....#######......
#.#####.................
#.........#########....
#.#####.#### #..>.. #.#
#.#... #.# #.#.## #@#
#.#.# #h# #.#.# #.#
#.#.# #.# #.#.# #.#
#.#.# #.# #...# ..#
###.# ### #.# #.##


You could see Natasha.

Vanquished Creatures
  An adder (D:2)
  2 worms (D:2)
  A giant gecko (D:1)
  A giant cockroach (D:1)
  4 hobgoblins
  2 jackals (D:1)
  A quokka (D:2)
  4 bats
  4 goblins
  7 kobolds
  2 rats (D:1)
29 creatures vanquished.

Notes
Turn   | Place    | Note
--------------------------------------------------------------
     0 | D:1      | urechis the Tengu Gladiator began the quest for the Orb.
     0 | D:1      | Reached XP level 1. HP: 12/12 MP: 2/2
   137 | D:1      | Reached XP level 2. HP: 8/18 MP: 3/3
  1131 | D:2      | Reached XP level 3. HP: 22/22 MP: 4/4
  1157 | D:2      | Reached skill level 4 in Staves
  1453 | D:2      | Noticed Natasha
  1462 | D:2      | Killed from afar by Natasha

Vault maps used:
D:1:      tarquinn_simple_flora_water_a, hangedman_feature_mirror,
          minmay_misc_feat_hallway, minivault_14, minmay_misc_feat_cross
D:2:      uniq_natasha

Action                   || total
-------------------------++-------
Melee: Quarterstaff      ||    72
  Eat: Chunk             ||     2
